 Dungeon Crawl Stone Soup version 0.30-a0-368-g86fb4627a9 (webtiles) character file.

Game seed: 13458247674410303102

425663 Armakuni the Gelid (level 24, -3/172 HPs)
             Began as a Human Fighter on Nov 13, 2022.
             Was a Believer of Elyvilon.
             Killed from afar by a deep elf elementalist (11 damage)
             ... with a fireball
             ... on level 3 of the Depths on Nov 19, 2022.
             The game lasted 03:58:51 (55136 turns).

Armakuni the Gelid (Human Fighter)                 Turns: 55136, Time: 03:58:51

Health: -3/172     AC: 28    Str: 17    XL:     24   Next: 96%
Magic:  34/34      EV: 12    Int: 24    God:    Elyvilon [**....]
Gold:   1711       SH:  6    Dex: 10    Spells: 29/56 levels left

rFire   + + .      SeeInvis +    a - staff of cold
rCold   + + .      Faith    .    c - +1 buckler
rNeg    . . .      Spirit   .    g - +7 fire dragon scales
rPois   +          Reflect  .    w - +0 helmet
rElec   +          Harm     .    G - scarf {rC+ rF+}
rCorr   +          Rampage  .    Q - +2 pair of gloves
Will    ++...                    v - +4 pair of boots "Lesharri" {Regen+ rCorr MP-9 SInv}
Stlth   ..........               M - amulet of magic regeneration
HPRegen 1.28/turn                L - ring of willpower
MPRegen 0.64/turn                J - ring of Finality {Ice rElec rPois Int+5 Dex-4}

@: about to teleport, hasted, studying 2 skills, very quick
A: no striking features
}: 2/15 runes: serpentine, barnacled
a: Renounce Religion, Purification, Heal Other


You were on level 3 of the Depths.
You worshipped Elyvilon.
Elyvilon was pleased with you.
You visited 9 branches of the dungeon, and saw 42 of its levels.
You visited the Abyss 1 time.
You visited 1 bazaar.
You also visited: Ice Cave.

You collected 6556 gold pieces.
You spent 4845 gold pieces at shops.

Inventory:

Armour
 c - a +1 buckler (worn)
 g - +7 fire dragon scales (worn)
 v - the +4 pair of boots "Lesharri" (worn) {Regen+ rCorr MP-9 SInv}
   (You acquired it on level 3 of the Dungeon)

   MP:        It affects your magic capacity (-9).
   SInv:      It lets you see invisible.
   Regen:     It increases your rate of health regeneration.
   rCorr:     It protects you from acid and corrosion.
 w - a +0 helmet (worn)
 G - a scarf of resistance (worn)
 Q - a +2 pair of gloves (worn)
Magical Staves
 a - a staff of cold (weapon)
 b - a staff of conjuration
Jewellery
 H - an amulet of reflection
 J - the ring of Finality (right hand) {Ice rElec rPois Int+5 Dex-4}
   (You acquired it on level 2 of the Dungeon)

   [ring of ice]

   It enhances your ice magic.
   Int:       It affects your intelligence (+5).
   Dex:       It affects your dexterity (-4).
   rF:        It makes you vulnerable to fire.
   rC:        It protects you from cold.
   rElec:     It insulates you from electricity.
   rPois:     It protects you from poison.
 L - a ring of willpower (left hand)
 M - an amulet of magic regeneration (around neck)
 P - a ring of magical power
Wands
 d - a wand of flame (28)
 f - a wand of acid (7)
 k - a wand of digging (8)
 m - a wand of mindburst (33)
 E - a wand of polymorph (13)
 N - a wand of iceblast (2)
 S - a wand of paralysis (6)
Scrolls
 h - 9 scrolls of teleportation
 i - 7 scrolls of vulnerability
 q - 6 scrolls of magic mapping
 x - 6 scrolls of fear
 y - 6 scrolls of fog
 C - 6 scrolls of poison
 D - 3 scrolls of amnesia
 I - 3 scrolls of noise
Potions
 e - 15 potions of brilliance
 j - 5 potions of resistance
 l - 8 potions of flight
 o - 3 potions of haste
 r - a potion of berserk rage
 s - 2 potions of magic
 t - 4 potions of lignification
 u - 3 potions of ambrosia
 z - 18 potions of curing
 A - 4 potions of might
 B - 6 potions of mutation
 O - 2 potions of cancellation
Miscellaneous
 p - a box of beasts
 U - a tin of tremorstones (2/2)


   Skills:
 - Level 10.0 Fighting
 - Level 5.0(11.4) Maces & Flails
 - Level 15.7(16.0) Staves
 - Level 10.0 Armour
 - Level 10.0 Dodging
 - Level 8.0 Shields
 + Level 16.6 Spellcasting
 + Level 17.6 Conjurations
 - Level 20.0 Ice Magic
 - Level 5.0 Air Magic
 - Level 10.0 Earth Magic
 - Level 13.6 Invocations
 - Level 10.0 Evocations


You had 29 spell levels left.
You knew the following spells:

 Your Spells              Type           Power      Damage    Failure   Level
c - Freezing Cloud        Conj/Ice/Air   57%        6-21      1%          5
j - Ozocubu's Refrigerat  Ice            65%        4d22      2%          7
n - Summon Ice Beast      Ice/Summ       100%       N/A       1%          4
o - Ozocubu's Armour      Ice            100%       N/A       0%          3
w - Wereblood             Tmut           19%        N/A       17%         2
z - Iron Shot             Conj/Erth      36%        9d7       6%          6

Your spell library contained the following spells:

 Spells                   Type           Power      Damage    Failure   Level
 Freeze                   Ice            100%       1d10      0%          1
 Frozen Ramparts          Ice            100%       1d16      0%          3
 Hailstorm                Conj/Ice       100%       3d20      0%          3
 Kiss of Death            Conj/Necr      100%       2d13      1%          1
 Ensorcelled Hibernation  Hex/Ice        100%       N/A       1%          2
 Momentum Strike          Conj/Tloc      100%       3d10      1%          2
 Ice Form                 Ice/Tmut       100%       N/A       1%          4
 Iskenderun's Battlesphe  Conj           81%        2d13      1%          5
 Sticky Flame             Conj/Fire      58%        2d7       3%          4
 Arcjolt                  Conj/Air       32%        1d42      3%          5
 Lightning Bolt           Conj/Air       32%        1d50      3%          5
 Metabolic Englaciation   Hex/Ice        50%        N/A       5%          5
 Orb of Destruction       Conj           40%        9d11      7%          7
 Fireball                 Conj/Fire      29%        3d13      9%          5
 Beastly Appendage        Tmut           38%        N/A       12%         1
 Slow                     Hex            76%        N/A       12%         1
 Airstrike                Air            21%        2d(4-20)  14%         4
 Animate Armour           Summ/Erth      86%        N/A       14%         4
 Leda's Liquefaction      Hex/Erth       21%        N/A       14%         4
 Petrify                  Tmut/Erth      43%        N/A       14%         4
 Blink                    Tloc           38%        N/A       17%         2
 Kindle Blastsparks       Fire/Tloc/Air  54%        2d14      17%         3
 Conjure Ball Lightning   Conj/Air       32%        3x3d10    17%         6
 Simulacrum               Ice/Necr       50%        N/A       28%         6
 Call Canine Familiar     Summ           19%        N/A       34%         3
 Confusing Touch          Hex            19%        N/A       34%         3
 Gell's Gravitas          Tloc           19%        N/A       34%         3
 Inner Flame              Hex/Fire       19%        N/A       34%         3
 Lesser Beckoning         Tloc           38%        N/A       34%         3
 Portal Projectile        Hex/Tloc       38%        N/A       34%         3
 Spider Form              Tmut/Pois      19%        N/A       34%         3
 Teleport Other           Tloc           19%        N/A       34%         3
 Vampiric Draining        Necr           19%        2d7       34%         3
 Summon Lightning Spire   Summ/Air       31%        N/A       38%         4
 Starburst                Conj/Fire      29%        6d9       43%         6
 Anguish                  Hex/Necr       9%         N/A       75%         4
 Cause Fear               Hex            9%         N/A       75%         4
 Dispel Undead            Necr           19%        3d11      75%         4
 Statue Form              Tmut/Erth      28%        N/A       92%         6
 Lehudib's Crystal Spear  Conj/Erth      36%        10d9      95%         8
 Blade Hands              Tmut           9%         N/A       97%         5
 Summon Mana Viper        Hex/Summ       19%        N/A       97%         5
 Dispersal                Tloc           9%         N/A       100%        6
 Enfeeble                 Hex            9%         N/A       100%        7
 Monstrous Menagerie      Summ           9%         N/A       100%        7
 Discord                  Hex            9%         N/A       100%        8


Dungeon Overview and Level Annotations

Branches:
Dungeon (15/15)            Temple (1/1) D:4            Lair (5/5) D:11
 Shoals (4/4) Lair:2        Snake (4/4) Lair:3        Slime (0/5) Lair:4
    Orc (2/2) D:10            Elf (3/3) Orc:2        Vaults (5/5) D:14
  Crypt (0/3) Vaults:2     Depths (3/4) D:15          IceCv (visited)

Altars:
Ashenzari
Cheibriados
Dithmenos
Elyvilon
Fedhas
Gozag
Hepliaklqana
Kikubaaqudgha
Makhleb
Nemelex Xobeh
Okawaru
Qazlal
Ru
Sif Muna
Trog
Uskayaw
Vehumet
Wu Jian
Xom
Yredelemnul
Zin
The Shining One
Jiyva

Shops:
D:2 *   D:3 :   D:5 *   D:12 *   Orc:2 ::![   Elf:1 [   Elf:3 =   Shoals:2 [
Shoals:4 !   Vaults:3 *   Depths:1 :(   Depths:2 !*

Portals:
Hell: Depths:1 Depths:2
Abyss: Depths:1 Depths:2 Depths:3
Pandemonium: Depths:2 Depths:3

Annotations:
D:4 Grinder, Menkaure, Robin
D:8 4 transporters
Lair:4 3 runed translucent doors, DEFE's ghost, journeyman DsWn
Elf:2 3 runed translucent doors
Vaults:5 Margery


Message History

* * * LOW HITPOINT WARNING * * *
You feel much better.
The deep elf master archer shoots an arrow.
The arrow hits you!
* * * LOW HITPOINT WARNING * * *
The arrow burns you.
* * * LOW HITPOINT WARNING * * *
The deep elf master archer shoots an arrow.
The arrow hits you!
* * * LOW HITPOINT WARNING * * *
Okay, then.
Unknown command.
You feel much better.
The deep elf master archer is no longer moving quickly.
The deep elf master archer drinks a potion.
The deep elf master archer seems to speed up.
The crystal guardian fires a crystalline bolt at you.
The crystal bolt burns you. You resist.
* * * LOW HITPOINT WARNING * * *
Okay, then.
As you read the scroll of teleportation, it crumbles to dust.
You feel strangely unstable.
The deep elf master archer shoots an arrow.
The arrow completely misses you.
The deep elf master archer shoots an arrow.
The arrow hits you!
* * * LOW HITPOINT WARNING * * *
The arrow burns you.
* * * LOW HITPOINT WARNING * * *
The deep elf master archer shoots an arrow.
The arrow hits you but does no damage.
The deep elf master archer shoots an arrow.
The arrow hits you!
* * * LOW HITPOINT WARNING * * *
The deep elf master archer shoots an arrow.
The arrow hits you!
* * * LOW HITPOINT WARNING * * *
The deep elf elementalist points at you and mumbles some strange words.
The fireball explodes!
The fireball engulfs you! You resist.
You die...

#...#...#...........# #...#
##)##...#####...#'#'#####...#
#...........#...#...#......°.
#.#.).#...>.#.≈.#...#.#...≈..
#...........#.[.#...#........
#####...#########e§.#####...#
#...#...'....§§.e.D.'...#
#.#.#^#.#..9§§§§§.#.#..^#
#...#...@.eD§§§§§e..'...#
######)##)..#####§§§#########
#...#..)........#§§§# .
#.≈.'.≈)..#.....#.#.#
#...#...........#...#
#####...#####...#####'#'#
#.......)...#...#.(.#....
'.....)...>[#.#.#.∩.#.#..
#...........#...#...#


You could see a storm dragon, a deep elf master archer (fast), a crystal
guardian and a deep elf elementalist (fast, repels missiles).

Vanquished Creatures
  2 shard shrikes (Depths:2)
  Saint Roka (Snake:4)
  Nikola (Depths:1)
  Mlioglotl (Shoals:4)
  Jorgrun (Orc:1)
  A lich (Depths:3)
  A titan (Depths:3)
  2 deep elf blademasters (Elf:3)
  An ancient champion (Vaults:2)
  Gastronok (D:10)
  2 tentacled starspawn
  A kraken (Shoals:2)
  A deep elf master archer (Elf:3)
  2 sphinxes
  A tengu reaver (Vaults:4)
  A revenant (Vaults:2)
  5 nagarajas
  A storm dragon (Depths:2)
  15 vault wardens
  9 frost giants
  3 fire giants
  An iron dragon (Depths:3)
  5 deep elf elementalists
  Louise (Snake:3)
  7 deep elf sorcerers (Elf:3)
  Aizul (Snake:3)
  4 spectral caustic shrikes (Depths:1)
  A ghost moth (Depths:3)
  A war gargoyle (D:14)
  An orc warlord (D:14)
  4 stone giants
  9 very ugly things
  A reaper (Depths:2)
  17 ironbound preservers
  3 quicksilver oozes (IceCv)
  Nessos (Lair:4)
  8 ironbound thunderhulks
  A green draconian (Abyss:2)
  3 deep elf demonologists
  3 vampire knights
  6 deep elf annihilators
  7 dire elephants
  2 wendigos (Depths:2)
  5 spark wasps (Depths:3)
  An eidolon (Abyss:2)
  8 merfolk javelineers
  A fire dragon (D:15)
  3 deep elf death magi (Elf:3)
  7 merfolk impalers
  3 ettins
  10 yaktaur captains
  5 deep elf high priests (Elf:3)
  4 entropy weavers
  Josephine (D:12)
  2 ice dragons
  55 vault guards
  5 great orbs of eyes
  A caustic shrike simulacrum (Depths:2)
  3 rakshasas
  A juggernaut simulacrum (Depths:3)
  2 hydras
  6 salamander tyrants
  3 peacekeepers
  An ogre mage (Vaults:4)
  14 ironbound frosthearts
  4 merfolk avatars
  3 spriggan air magi
  4 boulder beetles
  12 anacondas
  16 dancing weapons
  14 centaur warriors
  An alligator snapping turtle (Shoals:2)
  5 merfolk aquamancers
  A satyr (Shoals:3)
  20 naga warriors
  2 deep troll shamans
  A thrashing horror (Abyss:2)
  3 two-headed ogres
  7 deep troll earth magi
  3 tengu warriors
  13 naga sharpshooters
  A death yak (Lair:5)
  An orc high priest (Orc:1)
  8 shock serpents
  2 spriggan berserkers
  11 deep elf knights
  A spriggan (Depths:2)
  4 iron trolls
  2 hell knights (Vaults:4)
  21 sea snakes
  58 deep trolls
  5 salamander mystics
  4 large abominations
  9 wizards
  An orb spider (shapeshifter) (Depths:3)
  An obsidian statue (Snake:3)
  5 naga ritualists
  10 lindwurms
  A kraken simulacrum (Shoals:4)
  2 orange crystal statues (Depths:2)
  A spriggan simulacrum (Depths:2)
  A wolf spider (shapeshifter) (Depths:2)
  29 deep elf pyromancers
  A bunyip skeleton (Abyss:2)
  16 deep elf zephyrmancers
  3 orc sorcerers
  A sphinx zombie (Depths:2)
  3 wolf spider zombies (D:13)
  9 deep elf archers
  21 ugly things
  4 orc knights
  33 harpies
  12 ironbound convokers
  12 mana vipers
  5 necromancers
  A mana viper (shapeshifter) (Depths:3)
  A fire giant zombie (Depths:2)
  A tengu skeleton (Vaults:3)
  11 fauns
  17 cyclopes
  19 manticores
  13 elephants
  15 salamanders
  A sphinx skeleton (Vaults:3)
  2 guardian serpents (Snake:2)
  4 centaur zombies (D:13)
  27 black mambas
  2 water nymphs (Shoals:2)
  2 frost giant skeletons (Depths:2)
  A rust devil (Abyss:2)
  22 vault sentinels
  A torpor snail (Lair:5)
  A black mamba (shapeshifter) (Elf:3)
  7 merfolk sirens
  4 gargoyles
  17 naga magi
  A torpor snail (shapeshifter) (Depths:2)
  11 cane toads
  A smoke demon (Abyss:2)
  6 rime drakes
  An unseen horror (Depths:2)
  14 komodo dragons
  2 freezing wraiths
  5 kobold demonologists
  A golden dragon simulacrum (Depths:2)
  2 ancient zymes (Abyss:2)
  4 tengu conjurers
  34 yaktaurs
  2 meliai
  2 hornets
  3 trolls
  24 merfolk
  4 polar bears
  A frost giant simulacrum (Vaults:4)
  A tarantella (Vaults:3)
  5 raiju (Abyss:2)
  12 wind drakes
  10 dream sheep
  42 slime creatures
  16 blink frogs
  11 snapping turtles
  A tengu simulacrum (Depths:2)
  5 meliai zombies (D:13)
  2 fire giant simulacra (Depths:2)
  An ettin skeleton (Vaults:4)
  An air elemental (Elf:2)
  2 wyverns
  16 water elementals
  4 fire elementals
  6 wraiths
  19 yaks
  Grum (Lair:1)
  2 redbacks (Vaults:3)
  3 steam dragons
  4 basilisks
  2 chaos spawn (Depths:2)
  A warg (Vaults:5)
  58 nagas
  7 vampire mosquitoes
  A glowing shapeshifter skeleton (Depths:2)
  12 water moccasins
  4 great orb of eyes simulacra (IceCv)
  15 orc warriors
  A sky beast (D:5)
  A black bear (Lair:2)
  An ettin simulacrum (Depths:2)
  3 human zombies
  10 ogres
  21 wolves
  3 phantoms
  10 centaurs
  4 slime creature simulacra (IceCv)
  4 kobold brigands
  13 bullfrogs
  3 scorpions
  2 gnoll sergeants (D:12)
  12 small abominations
  2 earth elementals
  3 glowing shapeshifter simulacra (IceCv)
  A necrophage (D:6)
  10 killer bees (D:9)
  6 howler monkeys
  9 electric eels
  5 jellies
  3 hounds
  11 orc priests
  A boggart zombie (D:13)
  An iguana (D:4)
  14 orc wizards
  4 hell rats
  12 gnolls
  8 adders
  A shadow imp (D:6)
  A white imp (D:8)
  2 ufetubi
  2 dart slugs
  62 orcs
  7 endoplasms
  3 giant cockroaches
  6 goblins
  8 hobgoblins
  2 jackals (D:4)
  5 quokkas
  8 ball pythons
  A bat (D:2)
  2 frilled lizards (D:1)
  20 kobolds
  3 rats
  2 starspawn tentacles
  4 tentacles (Shoals:2)
1556 creatures vanquished.

Vanquished Creatures (collateral kills)
  A shadow dragon (Vaults:4)
  An azure jelly (Elf:1)
  A deep elf annihilator (Elf:3)
  A crystal guardian (D:14)
  2 dancing weapons
  An ironbound convoker (D:14)
  A deep elf zephyrmancer (Elf:1)
  A deep elf pyromancer (Elf:1)
  A water nymph (Shoals:3)
  A vault sentinel (D:14)
  A yaktaur (D:14)
  A freezing wraith (Elf:1)
  A dream sheep (Shoals:3)
  An earth elemental (Elf:1)
15 creatures vanquished.

Vanquished Creatures (others)
  A shard shrike (Depths:2)
  2 fire giants
  A very ugly thing (Vaults:3)
  An ettin (Vaults:4)
  A yaktaur captain (Vaults:4)
  A vault guard (Vaults:4)
  A merfolk aquamancer (Shoals:4)
  3 orc high priests (Orc:2)
  4 ugly things (D:14)
  An orc sorcerer (Orc:2)
  A guardian serpent (Snake:1)
  An apocalypse crab (Abyss:2)
  A water nymph (Shoals:4)
  A dream sheep (Shoals:4)
  An acid dragon (D:14)
  2 orc warriors (Orc:2)
  A centaur (Shoals:4)
  2 orc wizards
  24 fungi
  194 plants
  12 starspawn tentacles
256 creatures vanquished.

Grand Total: 1827 creatures vanquished

Notes
Turn   | Place    | Note
-------+----------+-------------------------------------------
     0 | D:1      | Armakuni the Human Fighter began the quest for the Orb.
     0 | D:1      | Reached XP level 1. HP: 18/18 MP: 1/1
   276 | D:1      | Reached XP level 2. HP: 16/24 MP: 2/2
   454 | D:1      | Found a faded altar of an unknown god.
   763 | D:2      | Reached XP level 3. HP: 28/29 MP: 3/3
  1180 | D:2      | Reached XP level 4. HP: 25/37 MP: 4/4
  1335 | D:2      | Found Vupacot's Assorted Antiques.
  1370 | D:2      | Bought a fuming silvery potion for 24 gold pieces
  1370 | D:2      | Bought a scroll labelled ACIMPOUFRU for 27 gold pieces
  1370 | D:2      | Bought a scroll labelled UTHYXE CYOGH for 27 gold pieces
  1370 | D:2      | Bought a scroll labelled YLUETU NEODWIR for 27 gold pieces
  1372 | D:2      | Acquired the ring of Finality {Ice rElec rPois Int+5 Dex-4}
  1666 | D:2      | Acquired a manual of Evocations
  2249 | D:3      | Found Urhyas's Book Emporium.
  2263 | D:3      | Acquired the +4 pair of boots "Lesharri" {Regen+ rCorr MP-9
                  | SInv}
  2446 | D:4      | Noticed Grinder
  2464 | D:4      | Reached XP level 5. HP: 43/43 MP: 0/5
  2552 | D:4      | Reached skill level 5 in Fighting
  2552 | D:4      | Reached skill level 1 in Dodging
  2582 | D:4      | Noticed Menkaure
  2587 | D:4      | Noticed Robin
  2663 | D:5      | Entered Level 5 of the Dungeon
  2680 | D:5      | Noticed a phantom
  2703 | D:5      | Reached XP level 6. HP: 25/51 MP: 0/6
  2828 | D:4      | Found a staircase to the Ecumenical Temple.
  2837 | Temple   | Entered the Ecumenical Temple
  3046 | Temple   | Became a worshipper of Elyvilon the Healer
  3374 | D:5      | Found Uthrayr's CLEARANCE SALE!.
  3462 | D:5      | Reached XP level 7. HP: 56/56 MP: 0/7
  3564 | D:5      | Reached skill level 5 in Evocations
  3602 | D:5      | Reached skill level 1 in Invocations
  3708 | D:5      | Reached * piety under Elyvilon
  3775 | D:5      | Reached XP level 8. HP: 62/62 MP: 0/9
  3918 | D:5      | Found an opulent altar of Gozag.
  4243 | D:6      | Reached skill level 5 in Maces & Flails
  4597 | D:6      | Reached ** piety under Elyvilon
  4751 | D:6      | Reached XP level 9. HP: 63/69 MP: 2/11
  5249 | D:7      | Found a stormy altar of Qazlal.
  5258 | D:7      | Reached *** piety under Elyvilon
  5543 | D:7      | Reached skill level 5 in Invocations
  6343 | D:8      | Found a transporter.
  6343 | D:8      | Found a transporter.
  6345 | D:8      | Found a transporter.
  6379 | D:8      | Found a transporter.
  6409 | D:8      | Reached **** piety under Elyvilon
  6562 | D:8      | Noticed a hornet
  6569 | D:8      | Killed a hornet
  7088 | D:9      | Reached ***** piety under Elyvilon
  7189 | D:9      | Reached XP level 10. HP: 53/76 MP: 7/16
  7549 | D:10     | Entered Level 10 of the Dungeon
  7627 | D:10     | Noticed a gargoyle
  7630 | D:10     | Killed a gargoyle
  7631 | D:10     | Reached skill level 10 in Invocations
  7740 | D:10     | Noticed an orc knight
  7760 | D:10     | Killed an orc knight
  7848 | D:10     | Found a staircase to the Orcish Mines.
  7892 | D:10     | Noticed a two-headed ogre
  7900 | D:10     | Killed a two-headed ogre
  7925 | D:10     | Noticed Gastronok
  7939 | D:10     | Killed Gastronok
  7940 | D:10     | Reached skill level 10 in Evocations
  7940 | D:10     | Reached XP level 11. HP: 83/83 MP: 11/20
  8430 | D:11     | Found a staircase to the Lair.
  8542 | D:11     | Noticed a manticore
  8562 | D:11     | Killed a manticore
  8747 | D:11     | Noticed a cyclops
  8750 | D:11     | Noticed a cyclops
  8751 | D:11     | Noticed a two-headed ogre
  8751 | D:11     | Noticed a cyclops
  8753 | D:11     | Killed a cyclops
  8756 | D:11     | Killed a two-headed ogre
  8757 | D:11     | Reached skill level 10 in Fighting
  8759 | D:11     | Killed a cyclops
  8760 | D:11     | Reached skill level 1 in Staves
  8766 | D:11     | Killed a cyclops
  8959 | D:12     | Noticed a cyclops
  8966 | D:12     | Reached XP level 12. HP: 97/97 MP: 12/21
  9031 | D:12     | Reached skill level 5 in Staves
  9289 | D:12     | Noticed a boulder beetle
  9299 | D:12     | Killed a boulder beetle
  9341 | D:12     | Noticed a boulder beetle
  9359 | D:12     | Killed a boulder beetle
  9373 | D:12     | Upgraded the game from 0.30-a0-360-g447f08457e to
                  | 0.30-a0-365-ge7f957f1db
  9407 | D:12     | Found Wanum's Pet Rocks.
  9575 | D:12     | Upgraded the game from 0.30-a0-365-ge7f957f1db to
                  | 0.30-a0-368-g86fb4627a9
  9661 | D:13     | Noticed Josephine
  9661 | D:13     | Noticed a seven-headed hydra
  9664 | D:12     | Pacified a seven-headed hydra
  9838 | D:13     | Noticed a centaur warrior
  9847 | D:12     | Reached skill level 10 in Staves
  9875 | D:12     | Killed a centaur warrior
  9930 | D:12     | Killed Josephine
  9931 | D:12     | Reached XP level 13. HP: 88/103 MP: 13/22
 10109 | D:13     | Found a basalt altar of Yredelemnul.
 10389 | D:13     | Reached skill level 5 in Armour
 10389 | D:13     | Reached skill level 5 in Dodging
 10389 | D:13     | Reached skill level 5 in Shields
 10870 | D:14     | Noticed a five-headed hydra
 10878 | D:14     | Pacified a five-headed hydra
 10939 | D:14     | Found a gate to the Vaults.
 10939 | D:14     | Noticed a vault guard
 10939 | D:14     | Noticed a vault guard
 10939 | D:14     | Noticed a vault guard
 10939 | D:14     | Noticed a vault guard
 10939 | D:14     | Noticed a centaur warrior
 10953 | D:14     | Killed a vault guard
 10958 | D:14     | Killed a centaur warrior
 10989 | D:14     | Killed a vault guard
 10991 | D:14     | Killed a vault guard
 11105 | D:14     | Reached XP level 14. HP: 64/110 MP: 14/23
 11553 | Lair:1   | Entered Level 1 of the Lair of Beasts
 11746 | Lair:1   | Noticed Grum
 11780 | Lair:1   | Killed Grum
 12342 | Lair:2   | Found a staircase to the Shoals.
 12406 | Lair:2   | Found a glowing golden altar of the Shining One.
 13851 | Lair:3   | Reached skill level 10 in Armour
 13851 | Lair:3   | Reached skill level 10 in Dodging
 13851 | Lair:3   | Reached XP level 15. HP: 104/115 MP: 15/24
 13881 | Lair:3   | Reached skill level 1 in Spellcasting
 13896 | Lair:3   | Found a staircase to the Snake Pit.
 14599 | Lair:4   | Noticed Nessos
 14756 | Lair:4   | Found a viscous altar of Jiyva.
 14756 | Lair:4   | Found a staircase to the Slime Pits.
 14835 | Lair:4   | Killed Nessos
 15029 | Lair:4   | Found a runed translucent gate.
 15029 | Lair:4   | Found a runed translucent gate.
 15029 | Lair:4   | Found a runed translucent gate.
 15035 | Lair:4   | Noticed an azure jelly
 15036 | Lair:4   | Noticed an acid blob
 15037 | Lair:4   | Noticed an azure jelly
 15037 | Lair:4   | Noticed an azure jelly
 15037 | Lair:4   | Noticed an acid blob
 15038 | Lair:4   | Noticed an acid blob
 15262 | Lair:4   | Found a viscous altar of Jiyva.
 15262 | Lair:4   | Noticed DEFE's ghost (journeyman DsWn)
 15263 | Lair:4   | Noticed a rockslime
 15395 | Lair:5   | Entered Level 5 of the Lair of Beasts
 15915 | Lair:5   | Reached skill level 5 in Spellcasting
 16229 | Lair:5   | Found the ring of the Octopus King
 16277 | Lair:5   | Identified a ring of the Octopus King {rF+ HP+2 AC+2 EV+2
                  | SH+2}
 16284 | Lair:5   | Identified the ring "Hoac" {rPois Str+4 Dex+3}
 16344 | Lair:5   | Learned a level 3 spell: Frozen Ramparts
 16348 | Lair:5   | Learned a level 3 spell: Ozocubu's Armour
 16470 | Lair:5   | Reached skill level 1 in Ice Magic
 16528 | Lair:5   | Reached skill level 2 in Ice Magic
 16857 | Orc:1    | Entered Level 1 of the Orcish Mines
 16934 | Orc:2    | Entered Level 2 of the Orcish Mines
 16945 | Orc:2    | Noticed Jorgrun
 17030 | Orc:1    | Killed Jorgrun
 17031 | Orc:1    | Reached skill level 3 in Ice Magic
 17107 | Orc:2    | Found a staircase to the Elven Halls.
 17224 | Orc:1    | Reached skill level 4 in Ice Magic
 17850 | Orc:2    | Reached skill level 5 in Ice Magic
 18068 | Orc:2    | Found Asen's Book Boutique.
 18068 | Orc:2    | Found Zozenk's Armour Emporium.
 18070 | Orc:2    | Found Efaw Jol's Book Boutique.
 18070 | Orc:2    | Found Doxkigor's Distillery.
 18079 | Orc:2    | Bought a potion of heal wounds for 70 gold pieces
 18079 | Orc:2    | Bought a potion of heal wounds for 70 gold pieces
 18079 | Orc:2    | Bought a potion of heal wounds for 70 gold pieces
 18092 | Orc:2    | Bought the Opusculum on the Baleful Chill for 420 gold
                  | pieces
 18099 | Orc:2    | Learned a level 5 spell: Freezing Cloud
 18522 | D:14     | Reached skill level 6 in Ice Magic
 18522 | D:14     | Reached XP level 16. HP: 87/122 MP: 5/26
 18901 | D:14     | Noticed a fire giant
 18918 | D:14     | Killed a fire giant
 18919 | D:14     | Reached skill level 7 in Ice Magic
 18940 | D:14     | Noticed a frost giant
 19056 | D:14     | Killed a frost giant
 19217 | D:14     | Reached skill level 8 in Ice Magic
 19280 | D:14     | Found the +5 sword of Power {vorpal}
 19333 | D:15     | Entered Level 15 of the Dungeon
 19560 | D:15     | Found a radiant altar of Vehumet.
 19787 | D:15     | Found a staircase to the Depths.
 20334 | D:3      | Bought a manual of Staves for 800 gold pieces
 20531 | Shoals:1 | Entered Level 1 of the Shoals
 20553 | Shoals:1 | Reached skill level 9 in Ice Magic
 20621 | Snake:1  | Entered Level 1 of the Snake Pit
 20994 | Snake:1  | Reached skill level 10 in Ice Magic
 21744 | Snake:1  | Reached skill level 15 in Staves
 22309 | Snake:1  | Reached XP level 17. HP: 97/128 MP: 18/27
 22627 | Snake:2  | You fall into a shaft and drop 1 floor!
 22627 | Snake:3  | Noticed Louise
 22627 | Snake:3  | Noticed Aizul
 22710 | Snake:3  | Reached skill level 1 in Conjurations
 22710 | Snake:3  | Reached skill level 1 in Air Magic
 23744 | Snake:2  | Reached skill level 5 in Conjurations
 23744 | Snake:2  | Reached skill level 5 in Air Magic
 24178 | Snake:2  | Identified the +5 battleaxe "Liqomo" {pain, Dex+2}
 24401 | Snake:3  | Killed Aizul
 24510 | Abyss:2  | Cast into level 2 of the Abyss (Louise)
 24771 | Abyss:2  | Noticed a tentacled starspawn
 24787 | Abyss:2  | Killed a tentacled starspawn
 25176 | Abyss:2  | Noticed a dread lich
 25185 | Abyss:2  | Paralysed by a dread lich for 5 turns
 25198 | Abyss:2  | Noticed a Hell Sentinel
 25203 | Abyss:2  | Paralysed by a dread lich for 5 turns
 25229 | Abyss:2  | Noticed a tentacled starspawn
 25229 | Abyss:2  | Paralysed by a dread lich for 4 turns
 25290 | Abyss:2  | Noticed a lich
 25301 | Abyss:2  | Noticed a tentacled starspawn
 25313 | Abyss:2  | HP: 5/126 [lich (4)]
 25346 | Abyss:3  | Killed a tentacled starspawn
 25349 | Snake:3  | Escaped the Abyss
 25359 | Snake:3  | Killed Louise
 25533 | Snake:3  | Found a gateway to a bazaar.
 25551 | Bazaar   | Entered a bazaar
 25616 | Bazaar   | Found Puatull's Weapon Shoppe.
 25616 | Bazaar   | Found Urowim's Magic Scroll Emporium.
 25652 | Bazaar   | Found Ifutini's Antique Armour Shoppe.
 25652 | Bazaar   | Found Irhirph's Armour Emporium.
 25711 | Bazaar   | Bought a scroll of acquirement for 676 gold pieces
 25712 | Bazaar   | Acquired 721 gold pieces
 25715 | Bazaar   | Bought a scroll of enchant armour for 97 gold pieces
 25727 | Bazaar   | Bought a scroll of teleportation for 39 gold pieces
 25727 | Bazaar   | Bought a scroll of fog for 52 gold pieces
 25727 | Bazaar   | Bought a scroll of fear for 52 gold pieces
 26059 | Snake:3  | Reached XP level 18. HP: 113/134 MP: 18/31
 26135 | Snake:3  | Reached skill level 10 in Spellcasting
 26526 | Snake:4  | Entered Level 4 of the Snake Pit
 26792 | Snake:4  | Reached skill level 11 in Ice Magic
 27043 | Snake:4  | Noticed Saint Roka
 27091 | Snake:4  | Killed Saint Roka
 27393 | Snake:4  | Reached skill level 12 in Ice Magic
 28178 | Snake:4  | Reached skill level 13 in Ice Magic
 28374 | Snake:4  | Got a serpentine rune of Zot
 28957 | Shoals:1 | Identified the +6 war axe of Jicoy {freeze, Str+3}
 29128 | Shoals:3 | Reached skill level 14 in Ice Magic
 29322 | Shoals:3 | Learned a level 7 spell: Ozocubu's Refrigeration
 29481 | Shoals:4 | Entered Level 4 of the Shoals
 29492 | Shoals:4 | Found Arghuapp's Distillery.
 29514 | Shoals:4 | Bought a potion of magic for 112 gold pieces
 29514 | Shoals:4 | Bought a potion of magic for 112 gold pieces
 29514 | Shoals:4 | Bought a potion of heal wounds for 70 gold pieces
 29514 | Shoals:4 | Bought a potion of mutation for 112 gold pieces
 29546 | Shoals:4 | Reached XP level 19. HP: 126/140 MP: 16/33
 29551 | Shoals:4 | Noticed Mlioglotl
 29593 | Shoals:4 | HP: 4/140 [centaur/arrow (6)]
 29639 | Shoals:4 | Reached skill level 15 in Ice Magic
 30109 | Shoals:4 | Identified the +8 rapier "Forhempe" {drain, Dex+2}
 30166 | Shoals:4 | Got a barnacled rune of Zot
 30770 | Shoals:4 | Bought a potion of might for 56 gold pieces
 30798 | Shoals:4 | Killed Mlioglotl
 30997 | Shoals:4 | Reached skill level 16 in Ice Magic
 31164 | Shoals:4 | Got the Spellbook of the Bewitching Pyromaniac
 32335 | Shoals:2 | Reached skill level 17 in Ice Magic
 33086 | Shoals:2 | Found Xaenu's Antique Armour Shop.
 33185 | Shoals:2 | Reached skill level 18 in Ice Magic
 33274 | Shoals:2 | Got Uxtiol's Octavo of Embers
 33294 | Shoals:2 | Reached XP level 20. HP: 138/147 MP: 16/34
 34203 | Elf:1    | Entered Level 1 of the Elven Halls
 34359 | Elf:1    | Found a frozen archway.
 34402 | IceCv    | Entered an ice cave
 34831 | IceCv    | Got the Exposition on Hoarfrost
 35139 | IceCv    | Reached skill level 19 in Ice Magic
 35476 | IceCv    | Elyvilon protects you from harm!
 35619 | IceCv    | Found a viscous altar of Jiyva.
 35636 | IceCv    | Identified the amulet "Xoitz" {Faith Rampage Stlth+}
 36471 | Elf:1    | Found Holur's Antique Armour Emporium.
 36489 | Elf:1    | Bought a glowing scale mail for 252 gold pieces
 36924 | Elf:1    | Reached skill level 20 in Ice Magic
 37512 | Elf:2    | Reached skill level 1 in Earth Magic
 38089 | Elf:2    | Found a runed translucent gate.
 38090 | Elf:2    | Found a runed translucent gate.
 38090 | Elf:2    | Found a runed translucent gate.
 38213 | Elf:3    | Entered Level 3 of the Elven Halls
 38943 | Elf:3    | Reached skill level 5 in Earth Magic
 39121 | Elf:3    | Learned a level 2 spell: Wereblood
 39184 | Elf:3    | Found Offienas's Jewellery Emporium.
 39307 | Elf:3    | Bought an amulet of reflection for 540 gold pieces
 39373 | Elf:3    | Learned a level 4 spell: Summon Ice Beast
 39572 | Elf:3    | Reached XP level 21. HP: 153/153 MP: 11/35
 40568 | Elf:3    | Identified the +2 whip "Lorem Ipsum" {vorpal, MP+9 Str+3
                  | Stlth+}
 40577 | Elf:3    | Identified the +3 hand axe "Zaef" {vorpal, rElec Dex+4 SInv
                  | Stlth-}
 40667 | Elf:3    | Identified the +0 pair of boots of Bitterness {Str+2 Dex+4}
 40697 | Elf:3    | Got the Vellum of the Vapourous Boulder
 41124 | Vaults:1 | Entered Level 1 of the Vaults
 41219 | Vaults:1 | Reached skill level 10 in Earth Magic
 42889 | Vaults:1 | Reached skill level 10 in Conjurations
 43383 | Vaults:2 | Reached XP level 22. HP: 122/159 MP: 18/36
 43609 | Vaults:2 | Found a staircase to the Crypt.
 43619 | Vaults:2 | Learned a level 6 spell: Iron Shot
 46083 | Vaults:3 | Found Xydeni Muig's General Store.
 46093 | Vaults:3 | Bought a potion of magic for 152 gold pieces
 46093 | Vaults:3 | Bought a potion of resistance for 190 gold pieces
 46093 | Vaults:3 | Bought a scroll of fog for 76 gold pieces
 46093 | Vaults:3 | Bought a scroll of immolation for 76 gold pieces
 46093 | Vaults:3 | Bought a scroll of fear for 76 gold pieces
 47372 | Vaults:3 | Reached XP level 23. HP: 136/165 MP: 30/39
 49443 | Vaults:4 | Reached skill level 15 in Conjurations
 49645 | Vaults:5 | Entered Level 5 of the Vaults
 49645 | Vaults:5 | Noticed Margery
 49649 | Vaults:5 | HP: 5/165 [spore (7)]
 49655 | Vaults:4 | HP: 1/165 [spore (26)]
 49771 | Vaults:4 | HP: 6/153 [shadow dragon/bolt of negative energy (37)]
 50079 | Depths:1 | Entered Level 1 of the Depths
 50377 | Depths:1 | Reached XP level 24. HP: 143/172 MP: 32/41
 50746 | Depths:1 | Found a one-way gate to the infinite horrors of the Abyss.
 50775 | Depths:1 | Found a hide-covered altar of Uskayaw.
 50829 | Depths:1 | Found Vifuhos's Book Emporium.
 50835 | Depths:1 | Found Eceg's Weapon Shoppe.
 51174 | Depths:1 | Noticed Nikola
 51196 | Depths:1 | Killed Nikola
 51363 | Depths:1 | Reached skill level 15 in Spellcasting
 51412 | Depths:1 | Found a gateway to Hell.
 51614 | Depths:1 | Found a sparkling altar of Nemelex Xobeh.
 52234 | Depths:2 | Found a one-way gate leading to the halls of Pandemonium.
 52551 | Depths:2 | Noticed a shard shrike
 52551 | Depths:2 | Noticed a shard shrike
 52551 | Depths:2 | Noticed a shard shrike
 52551 | Depths:2 | Noticed a shard shrike
 52703 | Depths:2 | Found Zisehob's Distillery.
 52710 | Depths:2 | Bought a potion of heal wounds for 75 gold pieces
 52710 | Depths:2 | Bought a potion of heal wounds for 75 gold pieces
 52710 | Depths:2 | Bought a potion of magic for 120 gold pieces
 52710 | Depths:2 | Bought a potion of might for 60 gold pieces
 52710 | Depths:2 | Bought a potion of mutation for 120 gold pieces
 52710 | Depths:2 | Bought a potion of brilliance for 60 gold pieces
 52710 | Depths:2 | Bought a potion of brilliance for 60 gold pieces
 52935 | Depths:2 | Found an ornate altar of the Wu Jian Council.
 53015 | Depths:2 | Pacified a shard shrike
 53081 | Depths:2 | Found Kayqeoh's Serpentskin Sales.
 53130 | Depths:2 | Pacified a shard shrike
 53144 | Depths:2 | Killed a shard shrike
 53147 | Depths:2 | Killed a shard shrike
 53148 | Depths:2 | Killed a shard shrike
 54121 | Depths:1 | Identified the +7 quarterstaff "Uhidokiff" {speed, rN++}
 55117 | Depths:3 | HP: 5/172 [deep elf master archer/arrow (8)]
 55117 | Depths:3 | Elyvilon protects you from harm!
 55117 | Depths:3 | HP: 2/172 [deep elf master archer/arrow (2)]
 55136 | Depths:3 | HP: 8/172 [deep elf master archer/arrow (17)]
 55136 | Depths:3 | Killed from afar by a deep elf elementalist

Illustrated notes

Levels and vault maps discovered:
D:1:      heliophobic_arrival_dark_side_of_the_moon, layout_basic,
          shapermc_ecumenical_altar_hornbeckon, serial_curves, eino_curves_03,
          eino_curves_03, st_stairs_12
D:2:      minmay_spotlight, layout_basic, serial_shops, nicolae_shop_stone,
          nicolae_eternal_life
D:3:      layout_rooms, serial_shops, nicolae_shop_hallway_plus
D:4:      layout_basic, minmay_temple_entry_antechambers, uniq_grinder,
          uniq_robin, uniq_menkaure
D:5:      layout_basic, grunt_gozag_breadcrumbs, nicolae_shop_clearance
D:6:      layout_loops_corners, minmay_misc_feat_ornament
D:7:      layout_layer_cave, lemuel_crystal_altar, serial_park_tiny_pond,
          feat_on_display
D:8:      layout_gridville, chequers_serial_rivers_micro_d,
          nicolae_diode_quadrants
D:9:      statuecave_lemuel, layout_loops_ring
D:10:     layout_rooms, david_orc_5, uniq_gastronok
D:11:     layout_roguey, erik_lair_island, minmay_misc_feat_iff
D:12:     layout_big_octagon, st_stairs_8, guppyfry_shop_earth
D:13:     layout_gridville, serial_glass, glass_columns_b, glass_columns_a,
          nicolae_yredelemnul_corpse_copse, uniq_josephine
D:14:     minmay_guarded_unrand_sword_of_power, layout_loops_ring,
          lightli_vaults_fourway_checkpoint
D:15:     grunt_enter_depths_hoard, layout_long_grid,
          nicolae_vehumet_altar_sigil
Temple:   mainiacjoe_temple_cubbyholes
Lair:1:   layout_concentric_octagons, uniq_grum
Lair:2:   nzn_winding_woodlands_small [nzn_winding_woodlands_5x15_pockets,
          nzn_winding_woodlands_center_triple_pond,
          nzn_winding_woodlands_5x15_split_checker], layout_chaotic_city,
          minmay_shoals_entry_hut, basic_altar, gauntlet_entry_generic,
          grunt_megastairs_1
Lair:3:   layout_chaotic_city, guppyfry_snake_entry_garden,
          chequers_serial_rivers_micro_a, serial_bayou_lagoon_b,
          grunt_megastairs_4
Lair:4:   layout_gridlike, dpeg_slime_entry_corner, gammafunk_ghost_ooze,
          serial_bayou_shore_b, serial_bayou_shore_b, serial_bayou_shore_b,
          uniq_nessos
Lair:5:   gammafunk_lair_ancient_temple, layout_regular_city,
          hangedman_lair_unloving_vines
Shoals:1: layout_shoals
Shoals:2: cheibrodos_shoals_epimethial_gifts, layout_shoals, serial_shops,
          nicolae_shop_crystal, nicolae_shoals_kraken_intersection
Shoals:3: layout_shoals
Shoals:4: shoals_end_grunt_ice, layout_shoals, serial_shops,
          nicolae_shop_hallway_stairs, nicolae_shoals_shepherds, uniq_mlioglotl
Snake:1:  nicolae_snake_crotalidae_crossing, layout_basic,
          nicolae_snake_slithery_hallway
Snake:2:  layout_grid_maze
Snake:3:  layout_gridlike, serial_shops, statue_bzr, uniq_louise, uniq_aizul
Snake:4:  minmay_snake_end_coiled, layout_cave_town, uniq_saint_roka
Orc:1:    layout_caves, basic_altar, kennysheep_orc_chapel
Orc:2:    grunt_orc_tribal_feast, layout_caves, uniq_jorgrun
Elf:1:    eino_elf_arrival_customs, layout_geoelf_grid,
          portal_ice_cave_entry_frozen_things,
          hangedman_elven_crosses_minicolossus, minmay_shop_grid_forest
Elf:2:    nicolae_elf_blades_splatter_lattice
          [nicolae_blade_entry_hurt_lockers], layout_loops_cross, uniq_azrael
Elf:3:    minmay_elf_hall_furrowed, layout_loops_corners, serial_shops, shop
Vaults:1: dpeg_vaults_monster_row, nicolae_vaults_network_quinsquares
          [nicolae_vaults_network_quincunx_subvault,
          nicolae_vaults_network_quincunx_subvault,
          nicolae_vaults_network_quincunx_subvault,
          nicolae_vaults_network_quincunx_subvault], v_misc_24,
          vaults_room_corners, grunt_vaults_hallway_short, v_alt_pattern_5,
          nicolae_vaults_angled_halls, vaults_room_corners,
          layout_vaults_big_room
Vaults:2: minmay_crypt_entry_simple_corners, nicolae_vaults_network_quincunx
          [nicolae_vaults_network_quincunx_subvault,
          nicolae_vaults_network_quincunx_subvault,
          nicolae_vaults_network_quincunx_subvault,
          nicolae_vaults_network_quincunx_subvault,
          nicolae_vaults_network_quincunx_subvault], vaults_room_corners,
          nicolae_vaults_mini_display_case, grunt_vaults_trifunnel,
          vaults_dpeg_ring, hangedman_vaults_slither, hangedman_vaults_corner,
          vaults_room_semicircle, nicolae_vaults_specimen_jars,
          layout_vaults_maze_snakey
Vaults:3: ontoclasm_vaults_decontamination, vaults_room_stairs_pillars,
          nicolae_vaults_what_the_h, nicolae_vaults_windows_and_doors_thing,
          nicolae_vaults_murderbox, v_misc_14, layout_vaults_omnigrid,
          serial_shops, nicolae_lakefront_shop
Vaults:4: hangedman_vaults_pinch, hangedman_vaults_corner_blocks, v_misc_5,
          hangedman_vaults_snaps, grunt_vaults_hallway_long, v_alt_pattern_1,
          vaults_mumra_minichess, hangedman_vaults_variations, vaults_mumra_hex,
          nicolae_vaults_angled_halls, nicolae_vaults_asterisk,
          vaults_room_guarded_vault, nicolae_vaults_diagonal_hallway_8,
          ontoclasm_vaults_twist, layout_vaults_ring
Vaults:5: uniq_jory, uniq_bai_suzhen, uniq_margery
Depths:1: layout_gridlike, nicolae_uskayaw_suspiria, abyss_entry,
          pf_hell_entry_tar_river, kennysheep_path_1,
          nemelex_diamond_rough_becter, firewood_loft, minmay_shoptagon,
          uniq_nikola
Depths:2: dreamdust_isle_of_ice, layout_cave_pools, nzn_wu_jian_council_hall,
          pan_entry, minmay_room_of_horrors, hell_entry, serial_shops,
          kennysheep_little_box, minivault_11, guppyfry_shop_venom
Depths:3: hangedman_crystal_crosses_colossus [crystal_crosses_arms_four,
          crystal_crosses_arms_four, crystal_crosses_arms_two,
          crystal_crosses_arms_one], abyss_entry, hell_entry, pan_entry,
          uniq_boris, uniq_frederick

Skill      XL: |  1  2  3  4  5  6  7  8  9 10 11 12 13 14 15 16 17 18 19 20 21 22 23 24 |
---------------+-------------------------------------------------------------------------+-----
Fighting       | 4 5 6 10 | 10.0
Shields        | 4 6 8 |  8.0
Dodging        | 2 4 6 10 | 10.0
Armour         | 4 6 10 | 10.0
Evocations     | 5 6 10 | 10.0
Invocations    | 2 3 8 12 13 | 13.6
Maces & Flails | 5 |  5.0
Staves         | 4 10 11 15 | 15.7
Spellcasting   | 5 9 10 12 14 16 | 16.6
Ice Magic      | 6 10 14 18 20 | 20.0
Conjurations   | 5 10 13 15 17 | 17.6
Air Magic      | 5 |  5.0
Earth Magic    | 6 10 | 10.0

Action                   |  1- 3 |  4- 6 |  7- 9 | 10-12 | 13-15 | 16-18 | 19-21 | 22-24 || total
-------------------------+-------+-------+-------+-------+-------+-------+-------+-------++-------
Melee: Flail             |   111 |   144 |   255 |   466 |  1792 |   235 |       |       ||  3003
       Unarmed           |       |       |       |    19 |       |       |       |       ||    19
       Staff             |       |       |       |       |       |  1293 |  1922 |  1426 ||  4641
Throw: Dart              |       |       |     9 |     3 |     3 |       |       |       ||    15
       Throwing net      |       |       |       |       |       |       |    15 |       ||    15
 Cast: Frozen Ramparts   |       |       |       |       |     3 |   108 |    45 |     1 ||   157
       Ozocubu's Armour  |       |       |       |       |     1 |    24 |    21 |       ||    46
       Freezing Cloud    |       |       |       |       |       |     5 |    74 |    51 ||   130
       Ozocubu's Refrige |       |       |       |       |       |     1 |    51 |    88 ||   140
       Summon Ice Beast  |       |       |       |       |       |       |     1 |       ||     1
       Iron Shot         |       |       |       |       |       |       |       |    81 ||    81
       Wereblood         |       |       |       |       |       |       |       |     1 ||     1
Invok: Heal Self         |       |       |       |    18 |    17 |    25 |    12 |    32 ||   104
       Heal Other        |       |       |       |     2 |    17 |     9 |     6 |     8 ||    42
       Purification      |       |       |       |     1 |     2 |     7 |     2 |     8 ||    20
Evoke: Wand              |       |       |     8 |    52 |    35 |    14 |    31 |    19 ||   159
       Tin of tremorston |       |       |       |       |     2 |     6 |     8 |     4 ||    20
       Box of beasts     |       |       |       |       |       |     1 |     7 |     2 ||    10
  Use: Scroll            |     5 |    13 |     6 |     3 |     8 |    18 |     9 |    16 ||    78
       Potion            |       |     8 |       |       |     1 |     9 |    19 |    15 ||    52
 Stab: Invisible         |       |     1 |       |       |       |       |     6 |       ||     7
       Distracted        |       |       |     1 |       |       |       |     1 |     1 ||     3
       Sleeping          |       |       |     1 |       |       |       |       |       ||     1
       Paralysed         |       |       |     5 |    34 |     1 |       |       |    21 ||    61
       Held in net/web   |       |       |       |       |       |       |     7 |       ||     7
Armor: Scale mail        |    45 |    13 |       |       |       |       |       |       ||    58
       Leather armour    |       |    51 |   108 |   249 |   754 |    55 |       |       ||  1217
       Skin              |       |     1 |       |    17 |       |       |       |       ||    18
       Fire dragon scale |       |       |       |       |       |   648 |   811 |   691 ||  2150
Dodge: Dodged            |    52 |    70 |   157 |   400 |  1390 |   756 |   874 |   557 ||  4256
Block: Buckler           |    30 |    53 |    87 |   178 |   686 |   396 |   502 |   328 ||  2260
       Reflection        |       |       |       |       |       |       |    24 |       ||    24

Table legend: (Time is in decaauts)
 A = Elapsed time spent in this place.
 B = Non-inter-level travel time spent in this place.
 C = Inter-level travel time spent in this place.
 D = Time resting spent in this place.
 E = Time spent auto-exploring this place.
 F = Levels seen in this place.
 G = Mean time per level.
                   A        B        C        D        E       F      G
               +--------+--------+--------+--------+--------+-----+--------+
         Total |  54127 |  51434 |   2693 |  12510 |  21210 |  46 | 1176.7 |
       Dungeon |  14477 |  13353 |   1124 |   1887 |   7124 |  15 |  965.1 |
        Temple |    365 |    313 |     52 |      0 |    297 |   1 |  365.0 |
          Lair |   5728 |   5268 |    460 |    343 |   2621 |   5 | 1145.6 |
        Shoals |   5317 |   5248 |     69 |   1851 |    919 |   4 | 1329.2 |
     Snake Pit |   6554 |   6161 |    393 |   1425 |   2829 |   4 | 1638.5 |
  Orcish Mines |   1601 |   1511 |     90 |     48 |    948 |   2 |  800.5 |
   Elven Halls |   5109 |   4905 |    204 |   1145 |   2158 |   3 | 1703.0 |
        Vaults |   7993 |   7757 |    236 |   2710 |   2861 |   5 | 1598.6 |
        Depths |   4785 |   4723 |     62 |   2172 |   1280 |   3 | 1595.0 |
         Abyss |    787 |    787 |      0 |    310 |      0 |   2 |  393.5 |
        Bazaar |    228 |    228 |      0 |      0 |    117 |   1 |  228.0 |
      Ice Cave |   1178 |   1178 |      0 |    616 |     54 |   1 | 1178.0 |
               +--------+--------+--------+--------+--------+-----+--------+

Top non-repeatable levels by time:
   Elf:3: 2511 daAuts
    D:14: 2273 daAuts
Vaults:4: 2271 daAuts
Vaults:3: 2160 daAuts
Depths:2: 2000 daAuts
Vaults:2: 1904 daAuts
Depths:1: 1851 daAuts
 Snake:1: 1810 daAuts
 Snake:4: 1807 daAuts
Vaults:1: 1647 daAuts
Shoals:4: 1583 daAuts
   Elf:1: 1559 daAuts
 Snake:3: 1521 daAuts
Shoals:3: 1477 daAuts
 Snake:2: 1415 daAuts
